 Dungeon Crawl Stone Soup version 0.31-a0-175-g9f7f995f2b (webtiles) character file.

Game seed: 4488184225696014762

910 qw the Chopper (level 8, -2/49 HPs)
             Began as a Gargoyle Fighter on June 16, 2023.
             Slain by an ogre
             ... wielding a +0 giant club
              (19 damage)
             ... on level 5 of the Dungeon.
             The game lasted 00:02:07 (3959 turns).

qw the Chopper (Gargoyle Fighter)                   Turns: 3959, Time: 00:02:07

Health: -2/49      AC: 20    Str: 21    XL:     8   Next: 8%
Magic:  0/8        EV:  8    Int: 10    God:
Gold:   99         SH:  4    Dex:  9    Spells: 7/7 levels left

rFire   . . .        Y - +0 war axe
rCold   . . .        c - +0 buckler
rNeg    + . .        q - +0 chain mail
rPois   inf          n - +0 helmet
rElec   +            r - +0 cloak
rCorr   .            g - +2 pair of gloves
SInv    .            (no boots)
Will    +....        f - amulet of guardian spirit Stlth
                     a - ring of willpower
HPRegen 0.28/turn    (no ring)
MPRegen 0.11/turn

%: guardian spirit
@: no status effects
A: sickness immunity, AC +5, negative energy resistance 1, electricity
resistance, torment resistance 1, petrification resistance
a: no special abilities


You were on level 5 of the Dungeon.
You visited 1 branch of the dungeon, and saw 5 of its levels.

You collected 215 gold pieces.
You spent 116 gold pieces at shops.


Innate Abilities, Weirdness & Mutations

You are immune to sickness and miasma.
Your stone body is resilient. (AC +5)
You are immune to poison.
You resist negative energy. (rN+)
You are resistant to electric shocks. (rElec)
You are resistant to unholy torment.
You are immune to petrification.


   Skills:
 - Level 5.2 Fighting
 + Level 7.1 Axes
 - Level 4.0 Armour
 - Level 1.2 Dodging
 - Level 3.2 Shields


You had 7 spell levels left.
You didn't know any spells.
Your spell library was empty.

Inventory:

Hand Weapons
 o - a +0 flail
 Y - a +0 war axe (weapon)
Armour
 c - a +0 buckler (worn)
 g - a +2 pair of gloves (worn)
 n - a +0 helmet (worn)
 q - a +0 chain mail (worn)
 r - a +0 cloak (worn)
Jewellery
 a - a ring of willpower (left hand)
 f - an amulet of guardian spirit (around neck)
Scrolls
 h - 2 scrolls of identify
Potions
 d - 2 potions of might
 e - a potion of lignification
 i - a potion of brilliance {unknown}
 j - a potion of magic
 k - 2 potions of mutation
 l - a potion of berserk rage {unknown}
 m - a potion of curing {unknown}

Dungeon Overview and Level Annotations

Branches:
Dungeon (5/15)
 Temple: D:4-7

Altars:
Gozag
Nemelex Xobeh
Trog
Zin

Shops:
D:4 [


Message History

You block the howler monkey's attack.
You have reached level 8!
You feel clever.
You hit the howler monkey but do no damage.
The howler monkey is severely wounded.
You hit the gnoll but do no damage. The gnoll barely misses you.
You block the gnoll's attack.
The howler monkey hits you but does no damage.
The gnoll hits you but does no damage.
You barely miss the howler monkey.
The howler monkey is severely wounded.
You slash the gnoll!
You kill the gnoll!
The howler monkey hits you but does no damage.
You block the gnoll's attack. The howler monkey barely misses you.
You slash the howler monkey!
You kill the howler monkey!
You barely miss the gnoll. The gnoll hits you with a +0 club.
The gnoll hits you from afar with a +0 spear.
Your Armour skill increases to level 4!
You barely miss the gnoll. The gnoll hits you with a +0 club.
The gnoll completely misses you.
You barely miss the ogre. You barely miss the gnoll.
The gnoll hits you but does no damage. x2
The ogre hits you with a +0 giant club!
You slash the ogre!
The ogre is moderately wounded.
You hit the gnoll. The gnoll hits you but does no damage.
The gnoll barely misses you. The ogre hits you with a +0 giant club!
You barely miss the gnoll.
The gnoll is heavily wounded.
You hit the ogre. You block the gnoll's attack. The gnoll barely misses you.
You barely miss the gnoll.
The gnoll is heavily wounded.
You hit the ogre. The gnoll hits you but does no damage.
You block the gnoll's attack.
The ogre hits you with a +0 giant club!!
You die...

#........#
##.<......### ###
#............ . ..#
#............
#.#..####........(.#
#.#................#
#.....##...........#.
##.g..####...........
#..#%@.# ##.......#
#...g#O## ###....##
#...#.....####.....#
[.#
##...>.##...##..... .
##.......#.# .....
#.......#.# #...
#........... .##
...........##.# .
#...........# .#


You could see an ogre and 2 gnolls.

Vanquished Creatures
  Grinder (D:4)
  Sigmund (D:3)
  An ice beast (D:4)
  A phantom (D:4)
  A howler monkey (D:5)
  A hound (D:3)
  A jelly (D:5)
  An orc priest (D:4)
  Robin (D:2)
  5 gnolls
  9 adders
  3 worms
  5 dart slugs
  9 orcs (D:4)
  6 ball pythons
  5 endoplasms
  8 giant cockroaches
  13 goblins
  16 hobgoblins
  5 jackals
  4 quokkas
  7 bats
  2 frilled lizards (D:3)
  3 kobolds
  9 rats
118 creatures vanquished.

Notes
Turn   | Place    | Note
-------+----------+-------------------------------------------
     0 | D:1      | qw the Gargoyle Fighter began the quest for the Orb.
     0 | D:1      | Reached XP level 1. HP: 14/14 MP: 1/1
     0 | D:1      | 0 ||| qw: Version: 0.2-a-29-g511e9b1
     0 | D:1      | 0 ||| qw: Game counter: 5875
     0 | D:1      | 0 ||| qw: Always use a shield: true
     0 | D:1      | 0 ||| qw: God list: Okawaru
     0 | D:1      | 0 ||| qw: Allow faded altars: false
     0 | D:1      | 0 ||| qw: Do Orc after D:15 true
     0 | D:1      | 0 ||| qw: Do second Lair branch before Depths: true
     0 | D:1      | 0 ||| qw: Lair rune preference: random
     0 | D:1      | 0 ||| qw: Plans: Normal, Zot:1-4, Slime:5, God:TSO, Crypt,
                  | Tomb, Abyss, Pan, Hells, Win
     0 | D:1      | 0 ||| PLANNING D:1-11
    77 | D:1      | Reached skill level 2 in Axes
   114 | D:1      | Reached XP level 2. HP: 19/19 MP: 2/2
   127 | D:1      | 127 ||| Stepping ~*~*~tactically~*~*~ (stealth).
   129 | D:1      | 129 ||| Stepping ~*~*~tactically~*~*~ (stealth).
   146 | D:1      | 146 ||| FLEEEEING.
   315 | D:1      | Reached skill level 3 in Axes
   430 | D:1      | Reached XP level 3. HP: 23/23 MP: 3/3
   793 | D:1      | 793 ||| UPGRADING to +2 pair of gloves.
   798 | D:1      | 798 ||| READING 2 scrolls labelled TONTIP ABO.
   799 | D:1      | 799 ||| READING 2 scrolls labelled MUASSO LIDALI.
   800 | D:1      | 800 ||| DROPPING scroll of revelation.
   951 | D:2      | 951 ||| Stepping ~*~*~tactically~*~*~ (stealth).
   960 | D:2      | Reached XP level 4. HP: 26/28 MP: 4/4
  1004 | D:2      | Reached skill level 4 in Axes
  1180 | D:2      | 1180 ||| Stepping ~*~*~tactically~*~*~ (hiding).
  1287 | D:2      | 1287 ||| DROPPING +0 club.
  1838 | D:2      | 1838 ||| UPGRADING to amulet of guardian spirit.
  1843 | D:2      | 1843 ||| READING scroll labelled DEPUL SIT FUM.
  1844 | D:2      | 1844 ||| READING 2 scrolls of identify.
  1844 | D:2      | 1844 ||| IDENTIFYING fuming red potion
  1863 | D:3      | 1863 ||| Stepping ~*~*~tactically~*~*~ (stealth).
  1863 | D:3      | Noticed Robin
  1864 | D:3      | 1864 ||| Stepping ~*~*~tactically~*~*~ (stealth).
  1882 | D:3      | 1882 ||| STAIRDANCE
  1886 | D:2      | Reached XP level 5. HP: 20/32 MP: 2/5
  1934 | D:3      | 1934 ||| STAIRDANCE
  1934 | D:3      | HP: 7/32 [gnoll/+0 halberd (5)]
  1939 | D:2      | Killed Robin
  2040 | D:2      | 2040 ||| DROPPING +2 whip of electrocution.
  2041 | D:2      | 2041 ||| UPGRADING to +0 helmet.
  2049 | D:3      | 2049 ||| STAIRDANCE
  2063 | D:3      | 2063 ||| STAIRDANCE
  2134 | D:3      | 2134 ||| STAIRDANCE
  2186 | D:3      | Reached skill level 5 in Axes
  2191 | D:3      | HP: 7/32 [gnoll/+0 halberd (8)]
  2369 | D:3      | Noticed Sigmund
  2382 | D:3      | Killed Sigmund
  2383 | D:3      | Reached XP level 6. HP: 40/40 MP: 6/6
  2394 | D:3      | 2394 ||| Stepping ~*~*~tactically~*~*~ (stealth).
  2405 | D:3      | 2405 ||| Stepping ~*~*~tactically~*~*~ (stealth).
  2451 | D:3      | Reached skill level 1 in Dodging
  2611 | D:3      | Found a sparkling altar of Nemelex Xobeh.
  2611 | D:3      | Found a glowing silver altar of Zin.
  2628 | D:3      | Found a faded altar of an unknown god.
  2630 | D:3      | Found an opulent altar of Gozag.
  2632 | D:3      | Found a bloodstained altar of Trog.
  2982 | D:3      | 2982 ||| DROPPING ring of flight.
  2983 | D:3      | 2983 ||| DROPPING ring of magical power.
  2984 | D:3      | 2984 ||| READING 2 scrolls labelled TULLAXA UNER.
  2985 | D:3      | 2985 ||| READING scroll labelled XEGHOGRUUNN.
  2988 | D:3      | 2988 ||| DRINKING 2 pink potions.
  2989 | D:3      | 2989 ||| READING 2 scrolls of identify.
  2989 | D:3      | 2989 ||| IDENTIFYING viscous inky potion
  2990 | D:3      | 2990 ||| DROPPING scroll of fog.
  3022 | D:4      | 3022 ||| PLANNING SEWER
  3072 | D:4      | Found Xoubeg's Armour Shoppe.
  3078 | D:4      | Noticed an ice beast
  3080 | D:4      | 3080 ||| Stepping ~*~*~tactically~*~*~ (hiding).
  3086 | D:4      | Noticed Grinder
  3092 | D:4      | Killed an ice beast
  3093 | D:4      | Reached XP level 7. HP: 44/44 MP: 7/7
  3100 | D:4      | Paralysed by Grinder for 5 turns
  3107 | D:4      | 3107 ||| Stepping ~*~*~tactically~*~*~ (hiding).
  3116 | D:4      | Killed Grinder
  3117 | D:4      | Reached skill level 6 in Axes
  3176 | D:4      | 3176 ||| BUYING +0 chain mail (58 gold).
  3176 | D:4      | Bought a +0 chain mail for 58 gold pieces
  3176 | D:4      | 3176 ||| BUYING +0 cloak (58 gold).
  3176 | D:4      | Bought a +0 cloak for 58 gold pieces
  3176 | D:4      | 3176 ||| DROPPING +0 mace.
  3438 | D:4      | Reached skill level 7 in Axes
  3598 | D:4      | 3598 ||| RIP SEWER
  3631 | D:4      | 3631 ||| PLANNING D:1-11
  3841 | D:4      | 3841 ||| DROPPING +0 leather armour of cold resistance.
  3842 | D:4      | 3842 ||| UPGRADING to +0 chain mail.
  3852 | D:4      | 3852 ||| DROPPING +0 scale mail.
  3853 | D:4      | 3853 ||| UPGRADING to +0 cloak.
  3858 | D:4      | 3858 ||| UPGRADING to ring of willpower.
  3915 | D:5      | Entered Level 5 of the Dungeon
  3936 | D:5      | 3936 ||| Stepping ~*~*~tactically~*~*~ (stealth).
  3938 | D:5      | 3938 ||| Stepping ~*~*~tactically~*~*~ (stealth).
  3952 | D:5      | Reached XP level 8. HP: 37/49 MP: 5/8
  3959 | D:5      | Slain by an ogre

Levels and vault maps discovered:
D:1:      tekkud_arrival_beachfront_property, layout_basic, kennysheep_boxes
D:2:      layout_basic, corner_web_ring, dreamdust_mushroom_princess,
          corexii_hall_statues_s
D:3:      layout_loops_ring, chequers_temple_overflow_minitemple, serial_glass,
          glass_columns_b, glass_columns_a, glass_columns_a, glass_columns_b,
          glass_columns_a, uniq_robin, uniq_sigmund
D:4:      layout_loops_ring, serial_shops, nicolae_square_shop,
          gup_sewer_entry_pipe, minmay_misc_feat_doors, serial_park_tiny_2,
          uniq_grinder
D:5:      layout_rooms, nicolae_uskayaw_suspiria

Skill      XL: |  1  2  3  4  5  6  7  8 |
---------------+-------------------------+-----
Axes           | 2 3 4 5 7 |  7.1
Fighting       | 5 |  5.2
Dodging        | 1 |  1.2
Armour         | 4 |  4.0
Shields        | |  3.2

Action                     |  1- 3 |  4- 6 |  7- 9 || total
---------------------------+-------+-------+-------++-------
  Melee: War axe           |    73 |   154 |   112 ||   339
  Throw: Boomerang         |    56 |    55 |       ||   111
    Use: Scroll            |     2 |     5 |       ||     7
         Potion            |       |     1 |       ||     1
 Armour: Scale mail        |    48 |   103 |    52 ||   203
         Chain mail        |       |       |    15 ||    15
  Dodge: Dodged            |    38 |   102 |    52 ||   192
  Block: Buckler           |    19 |    44 |    21 ||    84

Table legend:
 A = Non-vault XP
 B = Vault XP
 C = Vault XP percentage of total XP
 D = Non-vault monster count
 E = Vault monster count
 F = Vault count percentage of total count
                 A         B        C        D         E       F
            +---------+---------+-------+---------+---------+-------
      Total |     762 |     538 |  41.4 |      96 |      22 |  18.6
            +---------+---------+-------+---------+---------+-------
        D:1 |      45 |       0 |   0.0 |      25 |       0 |   0.0
        D:2 |     121 |      17 |  12.3 |      27 |       2 |   6.9
        D:3 |     132 |     233 |  63.8 |      17 |      11 |  39.3
        D:4 |     357 |     288 |  44.7 |      24 |       9 |  27.3
        D:5 |     107 |       0 |   0.0 |       3 |       0 |   0.0
            +---------+---------+-------+---------+---------+-------
